AoeStats
← JhordanST

Arabia

509910572Analyzed
1v1 RM · 3d ago on Sep 28, 2026· 26m 55s· 2 players
Game mode
Random Map
Map size
Tiny (2 player)
Population
200
Speed
Normal
Resources
Standard
Victory
Conquest
Starting age
Dark Age
Ending age
Imperial Age
RankedLock teamsTeams togetherTeam positionsShared explorationLock speedFull tech treeHidden civsTurbo modeCheats
Victory
Defeat
🇦🇷 Ethiopians · Argentina
983
+15
🇵🇪 Britons · Peru
964
-15
JhordanST
9:57 Feudal Age
10:11 Feudal Age
15:08 Horse Collar
16:26 Double-Bit Axe
21:35 Castle Age
20:14 Gold Mining
20:17 Fletching
22:25 Forging
25:40 Scale Barding Armor
IMM
4:11 Loom
10:59 Feudal Age
11:47 Town Watch
12:44 Double-Bit Axe
16:59 Fletching
20:03 Castle Age
18:01 Horse Collar
19:28 Padded Archer Armor
19:32 Gold Mining
20:42 Crossbowman
21:24 Bodkin Arrow
27:18 Bow Saw
Connection lost

Rejoining the realm…

Still unreachable

The connection could not be restored.

Session expired

The server has moved on; the page needs a fresh start.